 Dungeon Crawl Stone Soup version 0.19-a0-994-g3c636f0 (webtiles) character file.

37 HAL9000 the Chucker (level 3, -1/39 HPs)
             Began as an Ogre Hunter on July 17, 2016.
             Slain by an adder (2 damage)
             ... on level 2 of the Dungeon.
             The game lasted 00:02:53 (2155 turns).

HAL9000 the Chucker (Ogre Hunter)                   Turns: 2155, Time: 00:02:54

Health: -1/39      AC:  3    Str: 18    XL:     3   Next: 41%
Magic:  3/3        EV: 10    Int: 10    God:
Gold:   50         SH:  0    Dex: 10    Spells: 0 memorised, 2 levels left

rFire  . . .     SeeInvis .     l - +0 club
rCold  . . .     Gourm    .     b - +0 robe
rNeg   . . .     Faith    .     (no shield)
rPois  .         Spirit   .     (helmet restricted)
rElec  .         Dismiss  .     (no cloak)
rCorr  .         Reflect  .     (gloves unavailable)
SustAt .         Harm     .     (boots unavailable)
MR     .....                    (no amulet)
Stlth  +.........               (no ring)
                                (no ring)

@: lethally poisoned (-1 -> -4), not resistant to hostile enchantments, very
unstealthy
A: unfitting armour, tough skin 1
a: no special abilities


You were on level 2 of the Dungeon.
You were not hungry.

You visited 1 branch of the dungeon, and saw 2 of its levels.

You collected 50 gold pieces.

Inventory:

Hand Weapons
 l - a +0 club (weapon)
Missiles
 c - 5 large rocks (quivered)
 d - 2 throwing nets
Armour
 b - a +0 robe (worn)
Scrolls
 g - 2 scrolls of magic mapping {unknown}
 h - a scroll of random uselessness {unknown}
 i - a scroll of remove curse {unknown}
 j - a scroll of recharging {unknown}
 o - a scroll of amnesia {unknown}
 p - 3 scrolls of identify {unknown}
Comestibles
 f - 2 bread rations


   Skills:
 + Level 3.8 Fighting
 * Level 1.8 Maces & Flails
 - Level 4.0 Throwing
 + Level 2.2 Dodging
 - Level 0.7 Stealth


You had 2 spell levels left.
You didn't know any spells.

Dungeon Overview and Level Annotations

Branches:
Dungeon (2/15)

Altars:
Hepliaklqana
Vehumet
The Shining One


Innate Abilities, Weirdness & Mutations

You are too large for most types of armour.
You have tough skin. (AC +1)


Message History

You aren't carrying any potions.
You barely miss the adder.
The adder is moderately wounded.
You feel sick. The adder misses you. The adder barely misses you.
You barely miss the adder.
The adder is moderately wounded.
You feel sick. The adder bites you.
* * * LOW HITPOINT WARNING * * *
You closely miss the adder.
The adder is moderately wounded.
The adder barely misses you. The adder bites you.
* * * LOW HITPOINT WARNING * * *
You closely miss the adder.
The adder is moderately wounded.
* * * LOW HITPOINT WARNING * * *
You feel sick. The adder barely misses you.
You hit the adder.
The adder is heavily wounded.
The adder barely misses you. The adder bites you.
You die...

#.# #.'..... #.#
###..... #.# #.....
#######'## #.....
#......).# #.....
#........# #.....
#........####...##
#######........'..'.....
......S@.......####...##
........####........###
#####...# #........#
##.## #........#### #.
#............ #.
#............ #.
#######...... .. #......
#......


You could see an adder.

Vanquished Creatures
  An adder (D:2)
  A dart slug (D:1)
  A giant gecko (D:2)
  2 bats
  6 goblins
  3 hobgoblins
  4 jackals (D:2)
  4 giant newts
  A kobold (D:1)
  2 rats
25 creatures vanquished.

Notes
Turn   | Place    | Note
-------+----------+-------------------------------------------
     0 | D:1      | HAL9000 the Ogre Hunter began the quest for the Orb.
     0 | D:1      | Reached XP level 1. HP: 22/22 MP: 1/1
   626 | D:1      | Reached XP level 2. HP: 30/31 MP: 2/2
   780 | D:1      | Reached skill level 1 in Maces & Flails
  1285 | D:2      | Found a glowing golden altar of the Shining One.
  1524 | D:2      | Reached XP level 3. HP: 8/39 MP: 3/3
  1760 | D:2      | Found a hazy altar of Hepliaklqana.
  2005 | D:2      | Found a radiant altar of Vehumet.
  2154 | D:2      | HP: 1/39 [poisoned by an adder]
  2155 | D:2      | Slain by an adder

Vault maps used:
D:1:      onia_arrival_pentagram
D:2:      lemuel_crystal_altar, lemuel_round_altar,
          gammafunk_temple_overflow_pools, first_bread, lemuel_statue_altar

Skill      XL: |  1  2 |
---------------+-------+-----
Fighting       | 3 |  3.8
Dodging        | 2 |  2.2
Maces & Flails | 1 |  1.8
Throwing       | |  4.0
Stealth        | |  0.7

Action                   || total
-------------------------++-------
Melee: Short sword       ||    18
       Club              ||   113
  Use: Potion            ||     2
  Eat: Chunk             ||     1
       Meat ration       ||     1
Armor: Robe              ||    45
       Skin              ||     8
Dodge: Dodged            ||    83
